 Dungeon Crawl Stone Soup version 0.31.0-11-ge490571c62 (webtiles) character file.

Game seed: 5916384910929009716

275 hikkokomori the Digger (level 6, -2/36 HPs)
             Began as a Deep Elf Earth Elementalist on Feb 3, 2024.
             Was an Initiate of Gozag.
             Slain by Pikel
             ... wielding a +0 whip of electrocution
              (11 damage)
             ... on level 3 of the Dungeon.
             The game lasted 00:05:37 (3381 turns).

hikkokomori the Digger (DEEE)                       Turns: 3381, Time: 00:05:38

Health: -2/36      AC:  2    Str:  5    XL:     6   Next: 3%
Magic:  1/13       EV: 12    Int: 22    God:    Gozag
Gold:   531        SH:  0    Dex: 15    Spells: 4/11 levels left

rFire   . . .        j - +4 dagger (elec)
rCold   . . .        (no shield)
rNeg    . . .        a - +0 robe
rPois   .            (no helmet)
rElec   .            i - scarf {shadows}
rCorr   .            (no gloves)
SInv    .            (no boots)
Will    .....        (no amulet)
Stlth   ++           p - ring of flight
HPRegen 0.26/turn    (no ring)
MPRegen 0.13/turn

%: no passive effects
@: flying
A: no striking features
a: Renounce Religion, Potion Petition, Call Merchant, Bribe Branch


You were on level 3 of the Dungeon.
You worshipped Gozag.
Gozag was pleased with you.
You visited 1 branch of the dungeon, and saw 4 of its levels.

You collected 531 gold pieces.

Inventory:

Hand Weapons
 d - a +2 dagger of electrocution
 j - a +4 dagger of electrocution (weapon)
 r - a +0 spear of venom
Missiles
 v - 2 poisoned darts
Armour
 a - a +0 robe (worn)
 i - a scarf of shadows (worn)
 q - an orb of light
 u - an orb of energy
Jewellery
 p - a ring of flight (left hand)
Scrolls
 c - a scroll of poison {unknown}
 e - a scroll of teleportation {unknown}
 k - 2 scrolls of vulnerability {unknown}
 m - 2 scrolls of fear
 n - a scroll of blinking {unknown}
 t - a scroll of enchant armour {unknown}
Potions
 b - a potion of magic
 f - 2 potions of curing
 l - 2 potions of lignification
 o - a potion of enlightenment {unknown}
 s - a potion of haste {unknown}


   Skills:
 + Level 2.6 Fighting
 - Level 2.4 Dodging
 - Level 2.4 Stealth
 + Level 3.3 Spellcasting
 + Level 3.7 Conjurations
 + Level 5.0 Earth Magic


You had 4 spell levels left.
You knew the following spells:

 Your Spells              Type           Power      Damage    Failure   Level
a - Sandblast             Erth           50%        2d12      1%          1
b - Stone Arrow           Conj/Erth      44%        3d9       6%          3
c - Passwall              Erth           25%        N/A       4%          3

Your spell library contained the following spells:

 Spells                   Type           Power      Damage    Failure   Level
 Lesser Beckoning         Tloc           6%         N/A       19%         2
 Brom's Barrelling Bould  Conj/Erth      22%        2d4       21%         4
 Gell's Gravitas          Tloc           3%         N/A       34%         3
 Inner Flame              Hex/Fire       3%         N/A       34%         3
 Teleport Other           Tloc           3%         N/A       34%         3
 Petrify                  Alch/Erth      14%        N/A       38%         4
 Flame Wave               Conj/Fire      11%        2d6       50%         4
 Sticky Flame             Fire/Alch      3%         2d4       75%         4


Dungeon Overview and Level Annotations

Branches:
Dungeon (4/15)
 Temple: D:4-7

Altars:
Elyvilon
Gozag
Okawaru
Qazlal

Shops:
D:3 !

Annotations:
D:3 3 runed translucent doors, Bravepunisher's ghost, weakling SpMo; Pikel


Message History

Confirm with . or Enter, or press ? or * to list all spells.
Aiming: Stone Arrow (dangerous; 6% risk of failure)
Press: ? - help, Shift-Dir - straight line, f - Pikel
Aim: Pikel, wielding a +0 whip of electrocution and wearing a +0 robe (moderately wounded, 64% to hit)
The stone arrow hits Pikel!
Pikel is heavily wounded.
Pikel hits you with a +0 whip of electrocution!
The lemure barely misses you.
Unknown command.
Casting: Stone Arrow (dangerous; 6% risk of failure)
Confirm with . or Enter, or press ? or * to list all spells.
Aiming: Stone Arrow (dangerous; 6% risk of failure)
Press: ? - help, Shift-Dir - straight line, f/p - Pikel
Aim: Pikel, wielding a +0 whip of electrocution and wearing a +0 robe (heavily wounded, 64% to hit)
The stone arrow misses Pikel.
Pikel hits you with a +0 whip of electrocution.
The lemure completely misses you.
Unknown command.
Casting: Stone Arrow (dangerous; 6% risk of failure)
Confirm with . or Enter, or press ? or * to list all spells.
Aiming: Stone Arrow (dangerous; 6% risk of failure)
Press: ? - help, Shift-Dir - straight line, f/p - Pikel
Aim: Pikel, wielding a +0 whip of electrocution and wearing a +0 robe (heavily wounded, 64% to hit)
The stone arrow misses Pikel.
Pikel hits you with a +0 whip of electrocution.
The lemure hits you!
* * * LOW HITPOINT WARNING * * *
Unknown command.
Casting: Stone Arrow (dangerous; 6% risk of failure)
Confirm with . or Enter, or press ? or * to list all spells.
Aiming: Stone Arrow (dangerous; 6% risk of failure)
Press: ? - help, Shift-Dir - straight line, f/p - Pikel
Aim: Pikel, wielding a +0 whip of electrocution and wearing a +0 robe (heavily wounded, 64% to hit)
The stone arrow hits Pikel!
Pikel is severely wounded.
Pikel checks his coin pouch and frowns.
Pikel hits you with a +0 whip of electrocution!
You die...
Pikel says, "Another soul for the market."
Your body crumbles into a pile of gold.

#### ######8.# .....#..#
.##?.#..# .8#..#..# .##..#..#
##### ...#o#..# #...#
...#.+..###.#K######
.8o#.+......#@5....####
...#.+......###.##....########
...#o#......# #...............
.##.o#......# ########......##
.8#oo#......# ######..#
.##oW#......# ##.#
...oo#......# #..
######8.....# #.. ##'##### #..


You could see Pikel and a lemure.

Vanquished Creatures
  2 lemures (D:3)
  A bombardier beetle (D:3)
  A gnoll bouda (D:3)
  An orc priest (D:3)
  Terence (D:2)
  3 adders
  5 gnolls
  6 orcs (D:3)
  5 endoplasms
  6 giant cockroaches
  7 goblins
  9 hobgoblins
  2 quokkas
  5 ball pythons
  4 bats
  6 frilled lizards
  8 kobolds
  7 rats
79 creatures vanquished.

Notes
Turn   | Place    | Note
-------+----------+-------------------------------------------
     0 | D:1      | hikkokomori the Deep Elf Earth Elementalist began the quest
                  | for the Orb.
     0 | D:1      | Reached XP level 1. HP: 10/10 MP: 6/6
   176 | D:1      | Found a faded altar of an unknown god.
   184 | D:1      | Prayed at the altar of an unknown god.
   184 | D:1      | Became a worshipper of Gozag Ym Sagoz the Greedy
   232 | D:1      | Reached XP level 2. HP: 16/16 MP: 5/8
   372 | D:1      | Reached skill level 1 in Fighting
   696 | D:1      | Reached XP level 3. HP: 20/20 MP: 7/9
  1136 | D:2      | Reached skill level 4 in Earth Magic
  1208 | D:2      | Found a white marble altar of Elyvilon.
  1349 | D:2      | Noticed Terence
  1355 | D:2      | Killed Terence
  1356 | D:2      | Reached XP level 4. HP: 25/26 MP: 5/10
  2306 | D:3      | Found Gihoiseb's Distillery.
  2363 | D:3      | Reached XP level 5. HP: 27/30 MP: 7/11
  2625 | D:3      | Found a stormy altar of Qazlal.
  2688 | D:3      | Learned a level 3 spell: Stone Arrow
  2692 | D:3      | Learned a level 3 spell: Passwall
  2833 | D:3      | Found a runed translucent gate.
  2833 | D:3      | Found a runed translucent gate.
  2834 | D:3      | Found a runed translucent gate.
  2840 | D:3      | Noticed Bravepunisher's ghost (weakling SpMo)
  2980 | D:3      | Found an iron altar of Okawaru.
  3008 | D:3      | Reached skill level 5 in Earth Magic
  3008 | D:3      | Reached XP level 6. HP: 30/36 MP: 4/13
  3222 | D:4      | Noticed Pikel
  3381 | D:3      | Slain by Pikel

Illustrated notes

Levels and vault maps discovered:
D:1:      onia_arrival_handbag, layout_basic, shapermc_ecumenical_altar_venn,
          hangedman_abyss_or_decor_stabs
D:2:      layout_basic, basic_altar, chequers_serial_rivers_micro_b,
          uniq_terence
D:3:      layout_basic, okawaru_gym_becter, grunt_qazlal_sundering,
          serial_shops, nicolae_lakefront_shop, biasface_ghost_orc_armoury,
          nicolae_grassy_gnolls
D:4:      layout_basic, marbit_many_paths, cheibrodos_worm_habitat,
          mainiacjoe_overflow_cross_hatched, hangedman_decor_lopped, uniq_pikel

Skill      XL: |  1  2  3  4  5 |
---------------+----------------+-----
Fighting       | 1 2 |  2.6
Conjurations   | 2 3 |  3.7
Earth Magic    | 4 5 |  5.0
Dodging        | |  2.4
Stealth        | |  2.4
Spellcasting   | |  3.3

Action                     |  1- 3 |  4- 6 || total
---------------------------+-------+-------++-------
  Melee: Dagger            |     2 |     8 ||    10
  Throw: Dart              |       |     3 ||     3
   Cast: Sandblast         |    55 |    69 ||   124
         Stone Arrow       |       |     6 ||     6
    Use: Scroll            |       |     3 ||     3
 Armour: Robe              |    11 |    38 ||    49
  Dodge: Dodged            |    10 |    37 ||    47
